 Dungeon Crawl Stone Soup version 0.27.1-1-g398f81649c (webtiles) character file.

Game seed: 8055222423564871191

3416 Tsarbomb the Cleaver (level 9, -2/67 HPs)
             Began as a Palentonga Fighter on Sept 8, 2021.
             Was a Follower of Qazlal.
             Slain by a slime creature (10 damage)
             ... on level 7 of the Dungeon.
             The game lasted 00:23:38 (9117 turns).

Tsarbomb the Cleaver (Palentonga Fighter)           Turns: 9117, Time: 00:23:39

Health: -2/67      AC: 16    Str: 23    XL:     9   Next: 76%
Magic:  0/12       EV:  3    Int:  8    God:    Qazlal [*.....]
Gold:   424        SH: 12    Dex: 10    Spells: 8/8 levels left

rFire    . . .     SeeInvis +   C - +2 flail (drain)
rCold    . . .     Faith    .   c - +0 kite shield
rNeg     . . .     Spirit   +   B - +0 plate armour
rPois    .         Reflect  .   (no helmet)
rElec    .         Harm     .   (no cloak)
rCorr    .         Rampage  .   (no gloves)
Will     +....                  (no barding)
Stlth    ..........             r - amulet of guardian spirit
HPRegen  0.21/turn              b - ring of willpower
MPRegen  0.13/turn              (no ring)

@: curled up
A: large, rugged brown scales 3, see invisible, deformed body, roll 1, armoured
tail, reflexive curl
a: Rolling Charge, Renounce Religion


You were on level 7 of the Dungeon.
You worshipped Qazlal.
Qazlal was aware of your devotion.
You visited 2 branches of the dungeon, and saw 8 of its levels.

You collected 424 gold pieces.

Inventory:

Hand Weapons
 a - a +3 flail
 t - a +4 hand axe
 C - a +2 flail of draining (weapon)
Missiles
 p - 66 stones
Armour
 c - a +0 kite shield (worn)
 B - a +0 plate armour (worn)
Jewellery
 b - a ring of willpower (left hand)
 r - an amulet of guardian spirit (around neck)
Wands
 s - a wand of polymorph (6)
 x - a wand of iceblast (5)
Scrolls
 f - a scroll of immolation {unknown}
 g - 2 scrolls of fear {unknown}
 i - a scroll of holy word {unknown}
 k - 7 scrolls of identify {unknown}
 l - 3 scrolls of fog {unknown}
 m - a scroll of brand weapon {unknown}
 n - a scroll of blinking {unknown}
 u - a scroll of enchant weapon {unknown}
 v - a scroll of amnesia {unknown}
 y - a scroll of magic mapping {unknown}
 z - a scroll of summoning {unknown}
 A - a scroll of teleportation {unknown}
Potions
 d - a potion of brilliance {unknown}
 e - a potion of invisibility {unknown}
 j - 3 potions of lignification {unknown}
 o - 2 potions of degeneration {unknown}
 q - a potion of cancellation {unknown}
 w - 2 potions of might
 D - a potion of berserk rage {unknown}


   Skills:
 - Level 3.0 Fighting
 - Level 12.0 Axes
 - Level 2.4 Armour
 + Level 5.0 Shields
 * Level 4.9 Invocations


You had 8 spell levels left.
You didn't know any spells.
Your spell library contained the following spells:

 Spells                   Type           Power      Damage    Failure   Level
 Animate Skeleton         Necr           0%         N/A       100%        1
 Apportation              Tloc           0%         N/A       100%        1
 Beastly Appendage        Tmut           0%         N/A       100%        1
 Corona                   Hex            0%         N/A       100%        1
 Foxfire                  Conj/Fire      0%         2x1d4     100%        1
 Magic Dart               Conj           0%         1d3       100%        1
 Sting                    Tmut/Pois      0%         1d3       100%        1
 Summon Small Mammal      Summ           0%         N/A       100%        1
 Poisonous Vapours        Pois/Air       0%         N/A       100%        2
 Searing Ray              Conj           0%         3d3       100%        2
 Wereblood                Tmut           0%         N/A       100%        2
 Conjure Flame            Conj/Fire      0%         6-21      100%        3
 Inner Flame              Hex/Fire       0%         N/A       100%        3
 Spider Form              Tmut/Pois      0%         N/A       100%        3
 Fulminant Prism          Conj/Hex       0%         3d6       100%        4
 Hailstorm                Conj/Ice       0%         3d3       100%        4
 Ice Form                 Ice/Tmut       0%         N/A       100%        4
 Olgreb's Toxic Radiance  Pois           0%         N/A       100%        4
 Simulacrum               Ice/Necr       0%         N/A       100%        6


Dungeon Overview and Level Annotations

Branches:
Dungeon (7/15)             Temple (1/1) D:5

Altars:
Ashenzari
Dithmenos
Elyvilon
Fedhas
Gozag
Hepliaklqana
Nemelex Xobeh
Qazlal
Ru
Trog
Uskayaw
Vehumet

Shops:
D:2 [   D:7 :

Annotations:
D:3 1 runed translucent door, Terence
D:4 2 transporters, boopmooplesden's ghost, amateur MiFi
D:5 exclusion: downstairs


Innate Abilities, Weirdness & Mutations

You are completely covered in rugged brown scales. (AC +3, +7% HP)
You have supernaturally acute eyesight. (SInv)
Armour fits poorly on your strangely shaped body.
You can roll at nearby foes to attack.
You have a long armoured tail.
You curl defensively after being hit.


Message History

The slime creature is heavily wounded.
You block the slime creature's attack. The slime creature hits you.
Two slime creatures merge to form a large slime creature.
You hit the slime creature.
The slime creature is heavily wounded.
The slime creature hits you!
You thump the slime creature!
The slime creature is severely wounded.
A large slime creature splits.
You block the slime creature's attack.
You barely miss the slime creature. You tail-slap the slime creature!
The slime creature is severely wounded.
The slime creature hits you!
The slime creature hits you but does no damage.
You block the slime creature's attack.
You hit the slime creature. You drain the slime creature.
The slime creature is almost dead.
The slime creature hits you! You block the slime creature's attack.
The slime creature barely misses you.
The slime creature hits you but does no damage.
The slime creature barely misses you.
Your shield and plate armour prevent you from hitting the slime creature.
You tail-slap the slime creature.
The slime creature is almost dead.
You block the slime creature's attack. x3
You hit the slime creature. You tail-slap the slime creature.
The slime creature is almost dead.
The slime creature hits you!
* * * LOW HITPOINT WARNING * * *
The slime creature hits you but does no damage.
The slime creature jiggles.
The slime creature hits you!
* * * LOW HITPOINT WARNING * * *
Two slime creatures merge to form a large slime creature.
The slime creature hits you.
* * * LOW HITPOINT WARNING * * *
There is an open door here.
You hit the slime creature.
The slime creature is almost dead.
The slime creature hits you!
You die...

#.# #.###.#............# #.## #.#
#.############.# ...# #.# #.# #.#
#..###.###+## #.# #......##...##
#.# ##.#####.....## ####.# .#.#
##.......## ##.##.# #
...###........○####...#.#########
..........)...JJ@............>...
...###.........####.......#######
.#.# #........## ##..###.# # ##.#
#.#.....## #..###.#
##.###.#))..## #...##.#
........)..## #.#.##.#
##.####''(## #......# #. ##...##
###.#### #. ##.)...## #.# ###.


You could see a large slime creature and a slime creature (drained).

Vanquished Creatures
  3 yaks (D:6)
  2 steam dragons (D:6)
  2 water moccasins
  An orc warrior (D:6)
  3 ice beasts
  A black bear (D:7)
  A centaur (D:7)
  A phantom (D:7)
  2 bullfrogs
  4 kobold brigands (D:7)
  3 scorpions (D:5)
  A gnoll sergeant (D:7)
  A water moccasin skeleton (D:4)
  7 wights
  3 killer bees (D:7)
  A howler monkey (D:6)
  2 bullfrog zombies
  2 jellies
  3 hounds
  2 orc priests
  5 iguanas
  2 orc wizards
  9 gnolls (D:7)
  7 adders
  A shadow imp (D:7)
  An adder skeleton (D:3)
  3 worms
  2 dart slugs
  16 orcs
  A bat (D:2)
  5 endoplasms
  5 giant cockroaches
  7 goblins
  8 hobgoblins
  8 jackals
  8 kobolds
  2 quokkas (D:1)
  7 ball pythons
  2 frilled lizards
  8 rats
152 creatures vanquished.

Vanquished Creatures (others)
  6 fungi (D:7)
  A plant (D:2)
  10 toadstools (D:7)
17 creatures vanquished.

Grand Total: 169 creatures vanquished

Notes
Turn   | Place    | Note
-------+----------+-------------------------------------------
     0 | D:1      | Tsarbomb the Palentonga Fighter began the quest for the
                  | Orb.
     0 | D:1      | Reached XP level 1. HP: 19/19 MP: 1/1
   291 | D:1      | Reached XP level 2. HP: 24/25 MP: 2/2
   343 | D:1      | Reached skill level 3 in Axes
   949 | D:2      | Reached XP level 3. HP: 31/31 MP: 3/3
  1109 | D:2      | Found a faded altar of an unknown god.
  1110 | D:2      | Found Gapsaroudo's Antique Armour Emporium.
  1146 | D:2      | Reached skill level 4 in Axes
  1664 | D:2      | Reached XP level 4. HP: 35/37 MP: 4/4
  1883 | D:3      | Found a stormy altar of Qazlal.
  1894 | D:3      | Became a worshipper of Qazlal Stormbringer
  2096 | D:3      | Found a runed translucent door.
  2197 | D:3      | Noticed Terence
  2500 | D:4      | Reached skill level 5 in Axes
  2587 | D:4      | Reached XP level 5. HP: 36/43 MP: 5/5
  2638 | D:4      | Found a sacrificial altar of Ru.
  2671 | D:4      | Found a broken altar of Ashenzari.
  2673 | D:4      | Noticed a water moccasin
  2715 | D:4      | Found a transporter.
  2717 | D:4      | Noticed boopmooplesden's ghost (amateur MiFi)
  2719 | D:4      | Noticed an orc warrior
  2739 | D:4      | Found a transporter.
  2831 | D:4      | Reached skill level 6 in Axes
  2924 | D:4      | Killed a water moccasin
  2925 | D:4      | Reached XP level 6. HP: 28/50 MP: 4/6
  3289 | D:4      | Reached skill level 7 in Axes
  3418 | D:4      | Found a faded altar of an unknown god.
  3418 | D:4      | Found a hazy altar of Hepliaklqana.
  3420 | D:4      | Found a faded altar of an unknown god.
  3783 | D:4      | Reached * piety under Qazlal
  4046 | D:4      | Gained mutation: You curl defensively after being hit.
                  | [Palentonga growth]
  4046 | D:4      | Reached XP level 7. HP: 18/49 MP: 5/7
  4313 | D:5      | Entered Level 5 of the Dungeon
  4417 | D:5      | Found a staircase to the Ecumenical Temple.
  4457 | D:5      | Found a sparkling altar of Nemelex Xobeh.
  4497 | D:5      | Reached skill level 8 in Axes
  4497 | D:5      | Reached skill level 1 in Invocations
  5299 | Temple   | Entered the Ecumenical Temple
  5385 | D:5      | Reached skill level 9 in Axes
  5597 | D:6      | Noticed a steam dragon
  5599 | D:6      | Noticed a steam dragon
  5775 | D:5      | Reached XP level 8. HP: 27/60 MP: 5/9
  6475 | D:6      | Reached skill level 10 in Axes
  6800 | D:6      | Reached ** piety under Qazlal
  6938 | D:6      | Reached XP level 9. HP: 61/67 MP: 10/12
  6974 | D:6      | Reached skill level 11 in Axes
  7662 | D:7      | Found a radiant altar of Vehumet.
  8152 | D:7      | Found Unaul's Book Boutique.
  8723 | D:7      | HP: 3/67 [poisoned by a kobold brigand (curare-tipped
                  | dart)]
  9101 | D:7      | Reached skill level 12 in Axes
  9101 | D:7      | Reached skill level 5 in Shields
  9117 | D:7      | Slain by a slime creature

Illustrated notes

Levels and vault maps discovered:
D:1:      nicolae_arrival_memento_mori, layout_basic, minmay_splitting_lines,
          minmay_cut_off
D:2:      layout_loops_ring, hellmonk_ecumenical_altar_crossroads, serial_shops,
          nicolae_shop_overgrown_old_shop
D:3:      layout_loops_ring, mainiacjoe_overflow_alcove_4,
          ebering_ghost_reflecting_pool, uniq_terence
D:4:      layout_cave_pods, nicolae_ashenzari_skybound,
          nicolae_hepliaklqana_ecumenical_no_more, mainiacjoe_overflow_alcove_2,
          gammafunk_ghost_arena
D:5:      layout_rooms, general_overflow_altar, minmay_temple_entry_arrows,
          minmay_misc_feat_plants, minmay_misc_feat_enclosed
D:6:      layout_basic
D:7:      cheibrodos_fertilizer, layout_loops_corners,
          mainiacjoe_overflow_catwalk, serial_shops, nicolae_square_shop,
          kennysheep_generic_room_8
Temple:   eino_wide_crystal_templ

Skill      XL: |  1  2  3  4  5  6  7  8  9 |
---------------+----------------------------+-----
Axes           | 3 4 5 6 7 9 10 12 | 12.0
Invocations    | 2 4 |  4.9
Shields        | 3 5 |  5.0
Fighting       | |  3.0
Armour         | |  2.4

Action                   |  1- 3 |  4- 6 |  7- 9 || total
-------------------------+-------+-------+-------++-------
Melee: War axe           |    78 |       |       ||    78
       Tailslap          |     8 |    15 |    53 ||    76
       Short sword       |    16 |    80 |       ||    96
       Hand axe          |       |    14 |   304 ||   318
       Flail             |       |       |    16 ||    16
Invok: Upheaval          |       |       |     4 ||     4
 Abil: Rolling Charge    |     8 |     7 |    25 ||    40
  Use: Potion            |       |     3 |     1 ||     4
Armor: Scale mail        |    40 |     6 |       ||    46
       Chain mail        |       |    20 |    31 ||    51
       Plate armour      |       |       |    91 ||    91
Dodge: Dodged            |    23 |     9 |    26 ||    58
Block: Kite shield       |    49 |    48 |   169 ||   266
